 Dungeon Crawl Stone Soup version 0.29-a0-96-g93358da72b (webtiles) character file.

Game seed: 12954979919246859632

9832 Sweetruy1997 the Carver (level 11, 0/87 HPs)
             Began as a Demonspawn Chaos Knight on Feb 12, 2022.
             Was a Plaything of Xom.
             Slain by an unseen horror (6 damage)
             ... on level 10 of the Dungeon.
             The game lasted 00:41:45 (9271 turns).

Sweetruy1997 the Carver (Demonspawn Chaos Knight)   Turns: 9271, Time: 00:41:45

Health: 0/87       AC: 22    Str: 15    XL:     11   Next: 28%
Magic:  16/19      EV: 11    Int: 16    God:    Xom [......]
Gold:   493        SH:  0    Dex: 18    Spells: 4/21 levels left

rFire   + . .      SeeInvis .   a - +2 falchion (chaos)
rCold   + + .      Faith    .   (no shield)
rNeg    . . .      Spirit   .   b - +2 leather armour
rPois   +          Reflect  .   l - +2 helmet
rElec   +          Harm     .   (cloak unavailable)
rCorr   +          Rampage  .   g - +1 pair of gloves
Will    .....                   B - +0 pair of boots
Stlth   ++........              h - amulet of regeneration
HPRegen 1.84/turn               j - +4 ring of protection
MPRegen 0.16/turn               n - +6 ring of dexterity

@: resistant, wereblooded, sanguine armoured, very slightly contaminated,
hasted, unable to read, very quick
A: sanguine armour 1, demonic magic 1, weakness stinger 3, hooves 1, clumsy 1,
cold resistance 1, regeneration 1, strong 1, wild magic 1, inability to read
while threatened
a: Renounce Religion


You were on level 10 of the Dungeon.
You worshipped Xom.
You were a very special plaything of Xom.
You visited 2 branches of the dungeon, and saw 12 of its levels.
You visited the Abyss 1 time.

You collected 493 gold pieces.

Inventory:

Hand Weapons
 a - a +2 falchion of chaos (weapon)
Missiles
 D - 3 boomerangs
Armour
 b - a +2 leather armour (worn)
 g - a +1 pair of gloves (worn)
 l - a +2 helmet (worn)
 p - a scarf of resistance
 B - a +0 pair of boots (worn)
Jewellery
 h - an amulet of regeneration (around neck)
 j - a +4 ring of protection (left hand)
 n - a +6 ring of dexterity (right hand)
 t - a +4 ring of slaying
Wands
 i - a wand of charming (4)
 w - a wand of flame (18)
 y - a wand of acid (9)
 E - a wand of digging (11)
Scrolls
 c - 2 scrolls of fog
 f - a scroll of magic mapping
 k - 2 scrolls of acquirement {unknown}
 r - a scroll of noise {unknown}
 u - a scroll of vulnerability {unknown}
 v - 2 scrolls of teleportation
 z - a scroll of amnesia {unknown}
 A - a scroll of immolation {unknown}
Potions
 m - a potion of flight
 o - a potion of magic
 s - 3 potions of brilliance
 x - a potion of haste
 F - a potion of berserk rage {unknown}
Miscellaneous
 d - a condenser vane (inert)


   Skills:
 + Level 8.4 Fighting
 + Level 9.5 Long Blades
 + Level 5.5 Throwing
 - Level 4.0 Armour
 - Level 1.0 Dodging
 - Level 1.0 Stealth
 + Level 5.9 Spellcasting
 + Level 1.1 Hexes
 + Level 1.2 Summonings
 + Level 1.3 Necromancy
 + Level 0.2 Translocations
 + Level 1.8 Transmutations
 + Level 4.2 Air Magic
 + Level 4.4 Poison Magic
 + Level 0.8 Evocations


You had 4 spell levels left.
You knew the following spells:

 Your Spells              Type           Power      Damage    Failure   Level
a - Corpse Rot            Necr/Air       34%        N/A       13%         2
b - Sublimation of Blood  Necr           11%        N/A       22%         2
c - Poisonous Vapours     Pois/Air       48%        N/A       7%          2
d - Wereblood             Tmut           13%        N/A       17%         2
e - Summon Guardian Gole  Hex/Summ       11%        N/A       38%         3
f - Gell's Gravitas       Tloc           6%         N/A       52%         3
g - Teleport Other        Tloc           6%         N/A       52%         3

Your spell library contained the following spells:

 Spells                   Type           Power      Damage    Failure   Level
 Animate Dead             Necr           5%         N/A       77%         4
 Borgnjor's Vile Clutch   Necr/Erth      4%         N/A       99%         5
 Death Channel            Necr           5%         N/A       100%        6
 Dispersal                Tloc           3%         N/A       100%        6
 Orb of Destruction       Conj           3%         9d5       100%        7
 Spellforged Servitor     Conj/Summ      4%         N/A       100%        7
 Summon Hydra             Summ           5%         N/A       100%        7


Dungeon Overview and Level Annotations

Branches:
Dungeon (11/15)            Temple (1/1) D:6            Lair (0/6) D:9
    Orc (0/2) D:11

Altars:
Ashenzari
Cheibriados
Dithmenos
Elyvilon
Fedhas
Gozag
Hepliaklqana
Kikubaaqudgha
Makhleb
Nemelex Xobeh
Okawaru
Qazlal
Ru
Sif Muna
Trog
Uskayaw
Vehumet
Wu Jian
Xom
Yredelemnul
Zin
The Shining One

Shops:
D:1 (   D:7 [

Portals:
Abyss: D:10

Annotations:
D:10 enile's ghost, journeyman GnWn


Innate Abilities, Weirdness & Mutations

When seriously injured, your blood forms armour. (AC +6)
Spells you cast may paralyse adjacent enemies.
You have a sharp stinger which inflicts weakening toxins.
You have large cloven feet.
You are clumsy. (Dex -2)
Your flesh is cold resistant. (rC+)
Your natural rate of healing is unusually fast.
Your muscles are strong. (Str +2)
Your spells are a little harder to cast, but a little more powerful.
You sometimes lose the ability to read scrolls when taking damage.


Message History

Something completely misses you. The orc warrior barely misses you.
You closely miss the orc warrior.
The orc warrior is severely wounded.
Something hits you but does no damage.
The orc warrior hits you but does no damage.
You hit the orc warrior.
The orc warrior is severely wounded.
Something hits you but does no damage. The orc warrior closely misses you.
You hit something. Something hits you but does no damage.
The orc warrior barely misses you.
You miss something.
You howl as the wereblood boils in your veins!
Something hits you but does no damage.
The orc warrior hits you but does no damage.
You slash the orc warrior!
You feel a bit better.
You kill the orc warrior!
Something hits you.
* * * LOW HITPOINT WARNING * * *
The orc warrior hits you but does no damage.
Something hits you but does no damage.
There is a stone staircase leading down, spattered with blood here.
Things that are here:
a +0 short sword; a +0 chain mail; an orc corpse You hit the orc warrior.
The orc warrior goes berserk!
Your tail-slap misses the orc warrior.
The orc warrior is lightly wounded.
You howl as the wereblood boils in your veins!
Something hits you.
* * * LOW HITPOINT WARNING * * *
The orc warrior hits you with a +0 trident!
* * * LOW HITPOINT WARNING * * *
It was a potion of resistance.
You feel protected. Something hits you but does no damage. Something hits you.
* * * LOW HITPOINT WARNING * * *
The orc warrior closely misses you.
You hit the orc warrior but do no damage.
The orc warrior is lightly wounded.
Something hits you.
You die...

#....#.......######.........#....
#....#.......#.........######....
##'###.......#...................
#....#.......#..............#####
#....'.......#..............#....
#....#.......#....#.........#....
#....#.......'....#.........#....
##'###########..o.#....######....
#....#..........@.#..............
#....#..........))#..............
#....#.......###########....#....
#....#.......#....#....#....#....
##############....#....######....
#....#............'....#....+....
#....#...<........#....'....#....
#....#............#....#....####'
#....#.......#....#....#....#....


You could see an orc warrior (berserk).

Vanquished Creatures
  A boulder beetle (D:7)
  2 two-headed ogres
  Nergalle (D:10)
  A fire crab (shapeshifter) (D:10)
  A toenail golem (D:10)
  A nameless horror (D:10)
  Joseph (D:8)
  Maurice (D:10)
  A kobold demonologist (D:7)
  A golden eye (D:10)
  3 yaks (D:10)
  Edmund (D:5)
  A water moccasin (D:6)
  An acid dragon (D:10)
  An ice beast (D:7)
  4 orc warriors
  A sky beast (D:5)
  A necrophage (D:6)
  2 ogres
  A boggart (D:7)
  A wolf (D:9)
  5 centaurs
  2 phantoms (D:5)
  5 bullfrogs
  A scorpion (D:6)
  2 water moccasin zombies
  A howler monkey (D:6)
  A quasit (Abyss:2)
  3 centaur zombies
  3 jellies
  2 gnoll shamans
  An orc priest (D:5)
  2 hounds
  Jessica (D:2)
  2 scorpion zombies
  3 iguanas
  9 orc wizards
  A killer bee zombie (D:7)
  A hound zombie (D:3)
  2 howler monkey zombies
  Robin (D:3)
  A howler monkey skeleton (D:6)
  9 gnolls
  An adder (D:3)
  A shadow imp (D:6)
  A white imp (D:6)
  3 adder zombies (D:3)
  A worm (D:9)
  A dart slug (D:4)
  19 orcs
  11 ball pythons
  7 endoplasms
  3 giant cockroaches
  8 goblins
  7 hobgoblins
  2 jackals (D:2)
  4 quokkas
  4 bats
  4 frilled lizards
  A giant cockroach zombie (D:3)
  7 kobolds
  3 rats
174 creatures vanquished.

Vanquished Creatures (collateral kills)
  Pikel (D:8)
  Grinder (D:3)
  Grum (D:9)
  Menkaure (D:7)
  An ice beast (D:7)
  A wolf (D:9)
  2 centaurs
  A bullfrog (D:6)
  3 orc wizards (D:7)
12 creatures vanquished.

Vanquished Creatures (others)
  A yak (D:10)
  A black bear (D:6)
  A goblin (D:3)
  3 hobgoblins (D:3)
  3 withered plants (D:3)
9 creatures vanquished.

Grand Total: 195 creatures vanquished

Notes
Turn   | Place    | Note
-------+----------+-------------------------------------------
     0 | D:1      | Sweetruy1997 the Demonspawn Chaos Knight began the quest
                  | for the Orb.
     0 | D:1      | Reached XP level 1. HP: 18/18 MP: 1/1
   221 | D:1      | Reached skill level 3 in Long Blades
   221 | D:1      | Gained mutation: Spells you cast may paralyse adjacent
                  | enemies. [demonic ancestry]
   221 | D:1      | Reached XP level 2. HP: 24/24 MP: 2/2
   426 | D:1      | Found Efuturch's Weapon Emporium.
   708 | D:1      | XOM: silly message
   889 | D:2      | XOM: enchant monster (good)
   911 | D:2      | XOM: noise
   914 | D:2      | Gained mutation: You have a small tail. [demonic ancestry]
   914 | D:2      | Reached XP level 3. HP: 28/29 MP: 3/3
   982 | D:2      | Noticed Jessica
   990 | D:2      | Killed Jessica
   991 | D:2      | Reached skill level 1 in Dodging
  1019 | D:2      | Found a faded altar of an unknown god.
  1084 | D:2      | XOM: silly message
  1420 | D:2      | XOM: 5-stop teleportation journey
  1555 | D:2      | XOM: noise
  1619 | D:3      | Reached XP level 4. HP: 35/35 MP: 4/4
  1827 | D:3      | Noticed Robin
  1828 | D:3      | XOM: destruction
  1838 | D:3      | Killed Robin
  1842 | D:3      | XOM: god gift: +0 trident of chaos
  2030 | D:3      | Reached skill level 4 in Long Blades
  2030 | D:3      | Reached skill level 1 in Stealth
  2176 | D:3      | Gained mutation: When seriously injured, your blood forms
                  | armour. (AC +6) [demonic ancestry]
  2176 | D:3      | Reached XP level 5. HP: 42/42 MP: 5/5
  2190 | D:3      | Learned a level 2 spell: Corpse Rot
  2193 | D:3      | Learned a level 2 spell: Sublimation of Blood
  2221 | D:3      | Noticed Grinder
  2243 | D:3      | Paralysed by Grinder for 3 turns
  2425 | D:3      | XOM: blink monster(s)
  2433 | D:3      | XOM: cast spell 'Summon Mana Viper'
  2438 | D:3      | Killed Grinder
  2439 | D:3      | Reached skill level 5 in Long Blades
  2439 | D:3      | Gained mutation: You have a tail ending in a sharp stinger.
                  | [demonic ancestry]
  2439 | D:3      | Reached XP level 6. HP: 27/48 MP: 6/6
  2999 | D:4      | XOM: give mutations
  2999 | D:4      | Gained mutation: Your natural rate of healing is unusually
                  | fast. [Xom's mischief]
  2999 | D:4      | Gained mutation: You are dopey. (Int -2) [Xom's mischief]
  3022 | D:4      | Found a shimmering blue altar of Sif Muna.
  3052 | D:4      | Reached XP level 7. HP: 55/55 MP: 7/7
  3060 | D:4      | Found a blossoming altar of Fedhas.
  3445 | D:5      | XOM: stealth player
  3445 | D:5      | Entered Level 5 of the Dungeon
  3605 | D:5      | Reached skill level 6 in Long Blades
  3673 | D:5      | XOM: silly message
  3898 | D:5      | Reached skill level 5 in Fighting
  4251 | D:5      | XOM: silly message
  4253 | D:6      | Noticed Edmund
  4254 | D:6      | XOM: divination: detect items
  4279 | D:5      | XOM: silly message
  4301 | D:5      | Reached XP level 8. HP: 49/63 MP: 7/9
  4307 | D:5      | Killed Edmund
  4308 | D:5      | Reached skill level 7 in Long Blades
  4489 | D:6      | Reached skill level 1 in Spellcasting
  4502 | D:6      | XOM: cast spell 'Summon Ice Beast'
  4514 | D:6      | Reached skill level 1 in Necromancy
  4514 | D:6      | Reached skill level 1 in Air Magic
  4540 | D:6      | Learned a level 2 spell: Poisonous Vapours
  4543 | D:6      | Learned a level 2 spell: Wereblood
  4605 | D:6      | XOM: noise
  4629 | D:6      | Reached skill level 1 in Throwing
  4630 | D:6      | HP: 2/64 [acid (10)]
  4632 | D:6      | XOM: enchant monster (good)
  4640 | D:6      | XOM: divine lightning
  4904 | D:6      | XOM: 4-stop teleportation journey
  5017 | D:6      | XOM: give mutations
  5017 | D:6      | Gained mutation: You are robust. (+10% HP) [Xom's grace]
  5017 | D:6      | Gained mutation: Your spells are a little harder to cast,
                  | but a little more powerful. [Xom's grace]
  5017 | D:6      | Gained mutation: Your muscles are strong. (Str +2) [Xom's
                  | grace]
  5024 | D:6      | XOM: divination: detect creatures
  5045 | D:6      | XOM: god gift: 55 gold pieces
  5075 | D:6      | Found a staircase to the Ecumenical Temple.
  5081 | Temple   | Entered the Ecumenical Temple
  5153 | Temple   | XOM: give mutations
  5153 | Temple   | Gained mutation: You have a beak for a mouth. [Xom's grace]
  5153 | Temple   | Gained mutation: You have large cloven feet. [Xom's grace]
  5153 | Temple   | Lost mutation: You have a beak for a mouth. [Xom's grace]
  5153 | Temple   | Gained mutation: You have very sharp teeth. [Xom's grace]
  5153 | Temple   | Gained mutation: Your flesh is cold resistant. (rC+) [Xom's
                  | grace]
  5207 | D:7      | Noticed a kobold demonologist
  5212 | D:7      | Noticed an orange demon
  5239 | D:7      | Reached XP level 9. HP: 78/78 MP: 11/11
  5292 | D:7      | Noticed Menkaure
  5298 | D:7      | XOM: confuse monster(s)
  5314 | D:7      | Killed Menkaure
  5315 | D:7      | Reached skill level 8 in Long Blades
  5465 | D:7      | Noticed a boulder beetle
  5478 | D:7      | XOM: 4-stop teleportation journey
  5593 | D:7      | Reached skill level 1 in Transmutations
  5598 | D:7      | Learned a level 3 spell: Summon Guardian Golem
  5728 | D:7      | XOM: butterfly on damage
  5734 | D:7      | Killed a boulder beetle
  5735 | D:7      | Reached skill level 1 in Poison Magic
  5737 | D:7      | XOM: enchant monster (good)
  5833 | D:7      | XOM: cloud trail
  5877 | D:7      | XOM: summons 9 friendly demons
  5905 | D:7      | Killed a kobold demonologist
  5906 | D:7      | Reached skill level 5 in Throwing
  5998 | D:7      | Found Posor's Armour Boutique.
  6033 | D:7      | XOM: polymorph centaur -> boggart
  6339 | D:8      | Noticed a two-headed ogre
  6344 | D:8      | XOM: summons friendly ufetubus
  6350 | D:8      | Killed a two-headed ogre
  6351 | D:8      | Reached XP level 10. HP: 83/86 MP: 4/15
  6621 | D:8      | Noticed Joseph
  6628 | D:8      | XOM: cast spell 'Statue Form'
  6634 | D:8      | Killed Joseph
  6662 | D:8      | XOM: 1-stop teleportation journey
  6834 | D:8      | Noticed Pikel
  6840 | D:8      | XOM: cast spell 'Summon Mana Viper'
  6843 | D:8      | Killed Pikel
  7012 | D:9      | Noticed a two-headed ogre
  7024 | D:9      | Killed a two-headed ogre
  7025 | D:9      | Reached skill level 1 in Hexes
  7099 | D:9      | Noticed Grum
  7102 | D:9      | XOM: god gift: staff of poison
  7104 | D:9      | XOM: summons 2 friendly demons
  7110 | D:9      | Reached skill level 9 in Long Blades
  7114 | D:9      | Killed Grum
  7169 | D:9      | Learned a level 3 spell: Gell's Gravitas
  7173 | D:9      | Learned a level 3 spell: Teleport Other
  7234 | D:9      | Found a snail-covered altar of Cheibriados.
  7326 | D:9      | Found a staircase to the Lair.
  7626 | D:10     | Entered Level 10 of the Dungeon
  7775 | D:10     | XOM: god gift: glowing rapier {god gift}
  7828 | D:10     | Found a transporter.
  7857 | D:10     | Found a one-way gate to the infinite horrors of the Abyss.
  7857 | D:10     | Noticed enile's ghost (journeyman GnWn)
  7858 | D:10     | Noticed a toenail golem
  7875 | D:10     | Found a transporter.
  7875 | D:10     | Noticed a toenail golem
  7885 | D:10     | Noticed a wizard
  7927 | D:10     | Noticed Nergalle
  7932 | D:10     | XOM: enchant monster (good)
  7960 | D:10     | XOM: cleaving
  7963 | D:10     | XOM: blink monster(s)
  7969 | D:10     | XOM: confusion
  7977 | D:10     | Killed Nergalle
  7978 | D:10     | Reached skill level 5 in Spellcasting
  8061 | D:10     | Noticed a fire crab
  8061 | D:10     | a shapeshifter changed into a fire crab
  8062 | D:10     | XOM: enchant monster (bad)
  8077 | D:10     | XOM: torment (32/87 hp)
  8080 | D:10     | Killed a fire crab
  8081 | D:10     | Reached skill level 1 in Summonings
  8081 | D:10     | Gained mutation: You have a sharp stinger which inflicts
                  | weakening toxins. [demonic ancestry]
  8081 | D:10     | Reached XP level 11. HP: 27/94 MP: 12/19
  8083 | D:10     | XOM: summons 2 hostile demons
  8255 | D:10     | XOM: swap monsters
  8351 | D:10     | XOM: give mutations
  8351 | D:10     | Gained mutation: You sometimes lose the ability to read
                  | scrolls when taking damage. [Xom's mischief]
  8351 | D:10     | Gained mutation: Your muscles are very strong. (Str +4)
                  | [Xom's mischief]
  8422 | D:10     | XOM: give mutations
  8422 | D:10     | Lost mutation: Your muscles are very strong. (Str +4)
                  | [Xom's mischief]
  8422 | D:10     | Lost mutation: You are robust. (+10% HP) [Xom's mischief]
  8422 | D:10     | Lost mutation: You sometimes lose the ability to read
                  | scrolls when taking damage. [Xom's mischief]
  8436 | D:10     | Noticed Maurice
  8445 | D:10     | Killed Maurice
  8796 | D:10     | Noticed a nameless horror
  8802 | D:10     | Cast into level 2 of the Abyss (a wizard)
  8802 | Abyss:2  | XOM: noise
  8891 | Abyss:2  | XOM: summons 6 hostile demons
  8892 | Abyss:2  | Noticed a soul eater
  8895 | Abyss:2  | Gained mutation: You sometimes lose the ability to read
                  | scrolls when taking damage. [a neqoxec]
  8905 | Abyss:2  | XOM: confusion (+ monsters)
  8937 | Abyss:2  | Found a corrupted altar of Lugonu.
  8976 | Abyss:2  | Noticed a hell hog
  9015 | Abyss:2  | Noticed a sixfirhy
  9027 | D:10     | Escaped the Abyss
  9034 | D:10     | XOM: summons friendly ufetubus
  9085 | D:10     | Killed a nameless horror
  9096 | D:10     | XOM: give mutations
  9096 | D:10     | Gained mutation: You are clumsy. (Dex -2) [Xom's mischief]
  9096 | D:10     | Lost mutation: You have very sharp teeth. [Xom's mischief]
  9096 | D:10     | Lost mutation: You are dopey. (Int -2) [Xom's mischief]
  9216 | D:11     | Found a staircase to the Orcish Mines.
  9216 | D:11     | XOM: 1-stop teleportation journey
  9220 | D:11     | XOM: polymorph warg -> golden eye
  9271 | D:10     | Slain by an unseen horror

Illustrated notes

Levels and vault maps discovered:
D:1:      dpeg_arrival_oval, layout_loops_ring, serial_shops,
          nicolae_diamond_shop
D:2:      layout_loops_cross, ebering_ecumenical_altar_rust,
          hangedman_decor_lopped, uniq_jessica
D:3:      layout_loops_ring, serial_undead, serial_undead_f, serial_undead_c,
          serial_undead_b, serial_undead_a, serial_undead_a, serial_undead_c,
          st_stairs_2, uniq_robin, uniq_grinder
D:4:      layout_loops_corners, mainiacjoe_overflow_two_lobes,
          chequers_serial_rivers_large_a
D:5:      layout_gridville
D:6:      layout_cave_pools, minmay_temple_entry_nine_rooms, uniq_edmund
D:7:      minmay_flawed_box, layout_basic, mainiacjoe_overflow_cross_hatched,
          serial_shops, nicolae_shop_stone, kennysheep_opposing_triangles,
          uniq_menkaure
D:8:      layout_basic, uniq_pikel, uniq_joseph
D:9:      kennysheep_steamy, layout_rooms, slow_altar_1, dpeg_oklobed_lair,
          uniq_grum
D:10:     layout_grid_maze, gammafunk_ghost_abyssal_escape, uniq_nergalle,
          uniq_maurice
D:11:     layout_roguey, david_orc_3, fedhas_altar_1, uniq_urug
Temple:   compressed_dpeg_circular_temple

Skill      XL: |  1  2  3  4  5  6  7  8  9 10 |
---------------+-------------------------------+-----
Long Blades    | 3 4 5 6 7 8 9 |  9.5
Armour         | 2 3 4 |  4.0
Dodging        | 1 |  1.0
Stealth        | 1 |  1.0
Fighting       | 4 5 6 7 8 |  8.4
Spellcasting   | 1 3 5 |  5.9
Necromancy     | 1 |  1.3
Air Magic      | 1 3 4 |  4.2
Throwing       | 2 5 |  5.5
Transmutations | 1 |  1.8
Poison Magic   | 2 4 |  4.4
Hexes          | 1 |  1.1
Summonings     | 1 |  1.2
Translocations | |  0.2
Evocations     | |  0.8

Action                   |  1- 3 |  4- 6 |  7- 9 | 10-12 || total
-------------------------+-------+-------+-------+-------++-------
Melee: Falchion          |    84 |   141 |   308 |   276 ||   809
       Punch             |     1 |     3 |     4 |    10 ||    18
       Tailslap          |     2 |    24 |    51 |    53 ||   130
       Kick              |       |       |    24 |    31 ||    55
       Bite              |       |       |    13 |    38 ||    51
Throw: Boomerang         |       |       |    64 |       ||    64
 Cast: Corpse Rot        |       |     1 |     8 |       ||     9
       Wereblood         |       |       |     3 |     2 ||     5
       Poisonous Vapours |       |       |    14 |    26 ||    40
       Summon Guardian G |       |       |     2 |     4 ||     6
Evoke: Wand              |       |       |     3 |     1 ||     4
       Condenser vane    |       |       |       |     1 ||     1
  Use: Scroll            |       |     7 |     3 |     8 ||    18
       Potion            |       |       |     1 |     9 ||    10
 Stab: Petrified         |       |     9 |     2 |       ||    11
       Confused          |       |     2 |     1 |     1 ||     4
       Sleeping          |       |     1 |     2 |       ||     3
       Petrifying        |       |     1 |     1 |       ||     2
       Paralysed         |       |     1 |    11 |     1 ||    13
Armor: Leather armour    |    33 |    56 |   189 |   314 ||   592
       Skin              |       |       |       |    16 ||    16
Dodge: Dodged            |    53 |    57 |   151 |   215 ||   476

Table legend: (Time is in decaauts)
 A = Elapsed time spent in this place.
 B = Non-inter-level travel time spent in this place.
 C = Inter-level travel time spent in this place.
 D = Time resting spent in this place.
 E = Time spent auto-exploring this place.
 F = Levels seen in this place.
 G = Mean time per level.
                   A        B        C        D        E       F      G
               +--------+--------+--------+--------+--------+-----+--------+
         Total |   9301 |   8684 |    617 |    394 |   6153 |  13 |  715.5 |
       Dungeon |   8971 |   8367 |    604 |    357 |   6021 |  11 |  815.5 |
        Temple |     86 |     73 |     13 |      0 |     57 |   1 |   86.0 |
         Abyss |    243 |    243 |      0 |     37 |     75 |   1 |  243.0 |
               +--------+--------+--------+--------+--------+-----+--------+

Top non-repeatable levels by time:
    D:10: 1270 daAuts
     D:7: 1142 daAuts
     D:4: 996 daAuts
     D:5: 968 daAuts
     D:3: 938 daAuts
     D:1: 915 daAuts
     D:6: 760 daAuts
     D:2: 739 daAuts
     D:8: 704 daAuts
     D:9: 435 daAuts
 Abyss:2: 243 daAuts
    D:11: 100 daAuts
  Temple: 86 daAuts
